Map: New Gettysburg LE

Players

Constantin - Winner!

  • Race: Protoss Protoss
  • League: Silver
  • Spawn Location: 7:00

Fropez

  • Race: Protoss Protoss
  • League: Gold
  • Spawn Location: 5:00

VOD

Have the link to the VOD?

Description

Time

  • Played on: Sept. 14, 2016, 2:58 p.m.
  • Length: 9:04
Show
View Real Time Build Order
Export as new Build Order

Constantin Protoss - Winner!

Build Orders: Dark Templar Rush 

Get SALT Encoding   

  12  0:01  Probe (Chrono Boost)  
  13  0:12  Probe (Chrono Boost)  
  14  0:22  Probe (Chrono Boost)  
  14  0:27  Pylon  
  15  0:45  Probe (Chrono Boost)  
  15  0:47  Gateway  
  16  0:50  Forge  
  16  0:56  Assimilator  
  16  0:58  Probe (Chrono Boost)  
  17  1:09  Probe (Chrono Boost)  
  18  1:12  Assimilator  
  18  1:27  Photon Cannon  
  18  1:32  Probe (Chrono Boost)  
  19  1:33  Pylon  
  19  1:43  Cybernetics Core  
  20  1:47  Probe (Chrono Boost)  
  20  2:01  Photon Cannon  
  20  2:03  Probe (Chrono Boost)  
  21  2:13  Probe (Chrono Boost)  
  22  2:20  Warp Gate (Chrono Boost)  
  22  2:26  Robotics Facility  
  22  2:36  Twilight Council  
  22  2:45  Pylon  
  22  3:13  Dark Shrine  
  22  3:14  Warp Prism  
  24  3:24  Gateway  
  24  3:30  Photon Cannon  
  24  3:45  Gateway  
  24  3:50  Gateway  
  24  5:00  Dark Templar x4  
  32  5:38  Dark Templar x3  
  36  5:59  Dark Templar  
  36  6:38  Dark Templar  
  38  6:50  Pylon  
  38  6:52  Pylon  
  38  6:54  Pylon  
  38  6:58  Pylon  
  38  7:12  Stalker x4  
  46  7:24  Photon Cannon  
  46  7:29  Photon Cannon  
  46  7:31  Pylon  
  46  7:35  Stalker x3  
  46  7:36  Stalker  
  50  7:59  Dark Templar  
  50  8:02  Stalker  
  54  8:20  Photon Cannon  
  54  8:21  Photon Cannon  
  54  8:24  Photon Cannon  
  54  8:33  Observer  
Show
View Real Time Build Order
Export as new Build Order

Fropez Protoss 

Build Orders:  

Get SALT Encoding   

  12  0:01  Probe (Chrono Boost)  
  13  0:16  Pylon  
  13  0:18  Probe (Chrono Boost)  
  14  0:26  Pylon  
  14  0:29  Probe (Chrono Boost)  
  15  0:46  Probe (Chrono Boost), Gateway  
  16  0:56  Gateway  
  16  0:57  Probe (Chrono Boost)  
  17  1:07  Pylon  
  17  1:09  Assimilator  
  17  1:16  Probe (Chrono Boost)  
  18  1:26  Probe (Chrono Boost)  
  19  1:37  Probe (Chrono Boost), Cybernetics Core  
  20  1:41  Assimilator  
  20  1:47  Probe (Chrono Boost)  
  21  1:58  Probe (Chrono Boost)  
  22  2:14  Adept x2  
  22  2:15  Warp Gate (Chrono Boost)  
  26  2:27  Nexus  
  26  2:41  Adept  
  28  2:46  Pylon  
  29  2:55  Mothership Core  
  30  3:02  Pylon  
  30  3:04  Adept  
  32  3:23  Probe  
  33  3:28  Stalker  
  35  3:35  Twilight Council  
  35  3:36  Probe  
  36  3:43  Probe  
  37  3:50  Probe, Forge  
  38  4:08  Stalker  
  38  4:09  Stalker  
  42  4:14  Blink  
  42  4:25  Probe  
  42  4:26  Probe, Gateway  
  44  4:43  Stalker  
  44  4:44  Stalker  
  48  4:54  Photon Cannon  
  46  5:30  Probe  
  45  6:01  Nexus  
  45  6:02  Pylon x2  
  44  6:08  Probe  
  45  6:23  Forge  
  45  6:31  Stalker  
  46  6:37  Pylon  
  46  6:43  Forge  
  46  6:44  Probe  
  45  7:16  Photon Cannon  
  45  7:19  Photon Cannon  
  45  7:21  Photon Cannon  
  41  7:30  Pylon  
  41  7:31  Pylon  
  41  7:38  Probe  
  40  7:49  Probe  
  39  7:56  Assimilator  
  39  7:58  Assimilator  
  31  8:01  Robotics Facility  
  27  8:45  Photon Cannon  
Tags
 
Matchup
PvP
Replay Pack
All Mines
Spawn Locations
Close Positions
Add a new tag
Caveats
  • Supply blocks, unpowered buildings, or Contaminate may cause inaccurate times.
  • Supply counts are checked every 10 seconds.